 Dungeon Crawl Stone Soup version 0.23.2-1-ga50397a (webtiles) character file.

Game seed: 12489574128766125288

305 Charmandara the Sneak (level 6, -4/44 HPs)
             Began as a Vampire Assassin on Apr 26, 2019.
             Killed by nerve-wracking pain
             ... invoked by Grinder
              (13 damage)
             ... on level 4 of the Dungeon.
             The game lasted 00:06:52 (3304 turns).

Charmandara the Sneak (Vampire Assassin)            Turns: 3304, Time: 00:06:53

Health: -4/44      AC:  7    Str: 15    XL:     6   Next: 15%
Magic:  6/6        EV: 17    Int: 15    God:
Gold:   128        SH:  0    Dex: 21    Spells: 5/5 levels left

rFire    . . .     SeeInvis +   a - +2 dagger
rCold    . . .     Gourm    .   (no shield)
rNeg     . . .     Faith    .   l - +2 robe {MR+}
rPois    .         Spirit   .   k - +0 helmet
rElec    .         Reflect  .   d - +0 cloak
rCorr    .         Harm     .   r - +0 pair of gloves
MR       +....                  (no boots)
Stlth    +++++.....             (no amulet)
HPRegen  0.34/turn              c - +5 ring of strength
MPRegen  0.10/turn              (no ring)

@: agile, regenerating quickly
A: fangs 3, see invisible, unbreathing
a: no special abilities


You were on level 4 of the Dungeon.
You were almost alive.

You visited 1 branch of the dungeon, and saw 4 of its levels.

You collected 128 gold pieces.

Inventory:

Hand Weapons
 a - a +2 dagger (weapon)
 b - a +0 blowgun
Missiles
 e - 38 poisoned needles
Armour
 d - a +0 cloak (worn)
 k - a +0 helmet (worn)
   (You found it on level 2 of the Dungeon)
 l - a +2 robe of magic resistance (worn)
   (You took it off Jessica on level 2 of the Dungeon)
 o - a +2 chain mail of fire resistance
   (You found it on level 3 of the Dungeon)
 r - a +0 pair of gloves (worn)
   (You found it on level 4 of the Dungeon)
Jewellery
 c - a +5 ring of strength (left hand)
   (You found it on level 2 of the Dungeon)
Scrolls
 h - 4 scrolls of remove curse
 p - a scroll of blinking {unknown}
Potions
 g - 10 potions of blood {@q1}
 j - 2 potions of flight


   Skills:
 - Level 1.7 Fighting
 * Level 5.3 Short Blades
 + Level 2.9 Throwing
 - Level 1.1 Dodging
 + Level 7.6 Stealth


You had 5 spell levels left.
You didn't know any spells.
Your spell library was empty.

Dungeon Overview and Level Annotations

Branches:
Dungeon (4/15)
 Temple: D:4-7

Altars:
Fedhas
Sif Muna

Annotations:
D:4 Grinder


Innate Abilities, Weirdness & Mutations

Your natural rate of healing is unusually fast.
You have razor-sharp teeth.
You have supernaturally acute eyesight. (SInv)
You can survive without breathing.


Message History

The poisoned needle barely misses Grinder.
The poisoned needle hits the ogre.
The ogre looks even sicker.
Grinder gestures at you. You resist with almost no effort.
Unknown command.
Firing (i - inventory)
e - 39 poisoned needles (quivered)
Aim: Grinder (unusually strong, poisoned)
You shoot a poisoned needle. The poisoned needle hits Grinder.
Grinder looks even sicker.
Grinder hits you but does no damage.
Unknown command.
Firing (i - inventory)
e - 38 poisoned needles (quivered)
Aim: Grinder (unusually strong, poisoned)
You shoot a poisoned needle. The poisoned needle hits Grinder.
Grinder barely misses you.
Unknown command.
Firing (i - inventory)
e - 37 poisoned needles (quivered)
Aim: Grinder (unusually strong, poisoned)
You shoot a poisoned needle. The poisoned needle hits Grinder!
Grinder barely misses you.
Unknown command.
Firing (i - inventory)
e - 36 poisoned needles (quivered)
Aim: Grinder (lightly wounded, unusually strong, poisoned)
You shoot a poisoned needle.
The poisoned needle barely misses Grinder.
The poisoned needle hits the ogre!
The ogre looks as sick as possible!
Unknown command.
a - a +2 dagger (weapon)
Grinder says, "My boss said I was rubbish.
His entrails said otherwise."
Grinder gestures at you. You resist with almost no effort.
You hit Grinder. Grinder completely misses you.
You hit Grinder. You bite Grinder. You barely miss Grinder. Grinder misses you.
You barely miss Grinder.
Grinder blinks!
You hit the ogre. You completely miss the ogre. You bite the ogre.
You kill the ogre!
Your Short Blades skill increases to level 5!
You have reached level 6!
Your experience leads to an increase in your attributes!
Your base attributes are Str 10, Int 14, Dex 16.
Increase (S)trength, (I)ntelligence, or (D)exterity?
You feel clever.
You regained 4 hp, and now have 30/44 hp.
MP restored: 6 The adder skeleton bites you but does no damage.
The adder skeleton misses you.
Things that are here:
a +0 giant spiked club; a curare-tipped needle; 5 poisoned needles You hit the adder skeleton.
Your bite misses the adder skeleton. You hit the adder skeleton.
Your bite misses the adder skeleton. The adder skeleton closely misses you.
You hit the adder skeleton.
The adder skeleton completely misses you.
Grinder blinks!
You barely miss the adder skeleton.
The adder skeleton bites you but does no damage.
You hit the adder skeleton.
You destroy the adder skeleton!
Grinder looks more healthy.
Grinder gestures at you. Pain shoots through your body!
You take 7 damage, and have 24/44 hp.
Grinder no longer looks unusually strong.
You see here 3 poisoned needles.
You aren't carrying any items that you can evoke.
e - 38 poisoned needles (gained 3)
You hit Grinder. Your bite misses Grinder. Grinder hits you but does no damage.
You closely miss Grinder. You hit Grinder. You bite Grinder.
Grinder closely misses you.
You barely miss Grinder. Grinder hits you.
You writhe in agony.
You take 8 damage, and have 17/44 hp.
You hit Grinder.
Grinder says, "Mostly I couldn't keep them alive."
Grinder misses you.
You barely miss Grinder. You bite Grinder, but do no damage. You hit Grinder.
You bite Grinder. Grinder barely misses you.
You closely miss Grinder. Grinder gestures at you.
You resist with almost no effort.
You hit Grinder but do no damage. Grinder completely misses you.
You hit Grinder but do no damage. You hit Grinder.
You bite Grinder, but do no damage. Grinder misses you.
You hit Grinder. Your bite misses Grinder. Grinder gestures at you.
You resist with some effort.
You closely miss Grinder. You hit Grinder. Grinder hits you.
You writhe in agony.
* * * LOW HITPOINT WARNING * * *
You take 11 damage, and have 8/44 hp.
MASSIVE DAMAGE!!
You hit Grinder but do no damage. Grinder hits you but does no damage.
You hit Grinder. You closely miss Grinder. Your bite misses Grinder.
Grinder gestures at you. You resist with almost no effort.
You completely miss Grinder. Grinder gestures at you.
Pain shoots through your body!
You die...

.. ... #.# #.# #.# #.#
########
##.#######.########.......
........)@5.........######
##.#######?##.#.##(.#####
##...#.#.%.......#
#......####..###.#
##...#.# #..###.##
##.##.####........
#.##......####.##
#.######### #.# #+# #.#


You could see Grinder.

Vanquished Creatures
  An ogre (D:4)
  A hound (D:4)
  A jelly (D:3)
  Jessica (D:2)
  Robin (D:2)
  3 gnolls (D:3)
  2 adders
  An adder skeleton (D:4)
  2 worms (D:2)
  2 leopard geckos
  4 bats
  4 giant cockroaches
  11 goblins
  14 hobgoblins
  6 jackals
  A ball python (D:2)
  6 frilled lizards
  5 kobolds
  6 rats
72 creatures vanquished.

Notes
Turn   | Place    | Note
-------+----------+-------------------------------------------
     0 | D:1      | Charmandara the Vampire Assassin began the quest for the
                  | Orb.
     0 | D:1      | Reached XP level 1. HP: 16/16 MP: 1/1
   150 | D:1      | Reached skill level 6 in Stealth
   221 | D:1      | Reached XP level 2. HP: 22/22 MP: 2/2
   226 | D:1      | You fall through a shaft!
   236 | D:2      | Reached skill level 3 in Short Blades
   296 | D:2      | Reached skill level 2 in Throwing
   331 | D:2      | Reached XP level 3. HP: 17/27 MP: 3/3
   577 | D:2      | Noticed Jessica
   594 | D:2      | HP: 6/27 [Jessica/+0 dagger (2)]
   599 | D:2      | HP: 3/27 [rat (1)]
   610 | D:2      | Killed Jessica
  1183 | D:2      | Noticed Robin
  1191 | D:2      | Reached XP level 4. HP: 31/33 MP: 4/4
  1241 | D:2      | Killed Robin
  1300 | D:2      | Reached skill level 4 in Short Blades
  1349 | D:2      | Found a blossoming altar of Fedhas.
  2228 | D:3      | Reached skill level 7 in Stealth
  2237 | D:3      | HP: 5/33 [gnoll/+0 spear (7)]
  2241 | D:3      | Reached XP level 5. HP: 6/38 MP: 5/5
  3109 | D:3      | Found a deep blue altar of Sif Muna.
  3236 | D:4      | Noticed Grinder
  3245 | D:4      | Noticed an ogre
  3278 | D:4      | Killed an ogre
  3278 | D:4      | Reached skill level 5 in Short Blades
  3278 | D:4      | Reached XP level 6. HP: 30/44 MP: 6/6
  3300 | D:4      | HP: 8/44 [Grinder (6)]
  3304 | D:4      | Killed from afar by Grinder

Skill      XL: |  1  2  3  4  5 |
---------------+----------------+-----
Stealth        | 6 7 |  7.6
Short Blades   | 3 4 5 |  5.3
Throwing       | 2 |  2.9
Fighting       | |  1.7
Dodging        | |  1.1

Action                   |  1- 3 |  4- 6 || total
-------------------------+-------+-------++-------
Melee: Dagger            |    80 |   161 ||   241
       Bite              |     6 |    21 ||    27
 Fire: Blowgun           |     3 |    10 ||    13
  Use: Scroll            |     3 |     4 ||     7
       Potion            |       |    22 ||    22
 Stab: Sleeping          |     7 |     7 ||    14
Armor: Robe              |     9 |    42 ||    51
Dodge: Dodged            |    37 |    85 ||   122

Levels and vault maps discovered:
D:1:      kennysheep_arrival_seaside, layout_loops_cross
D:2:      layout_basic, fedhas_altar_fruit_tree, uniq_robin, uniq_jessica
D:3:      layout_loops_ring, nicolae_overflow_hidden_temple, first_ration,
          minmay_misc_feat_rows, hangedman_decor_growths
D:4:      layout_loops_corners, serial_shops, kennysheep_mini_moat,
          uniq_sigmund, uniq_grinder

Table legend:
 A = Turns spent in this place as a percentage of turns spent in the entire game.
 B = Non-inter-level travel turns spent in this place as a percentage of non-inter-level travel turns spent in the entire game.
 C = Inter-level travel turns spent in this place as a percentage of turns spent in this place.
 D = Turns resting spent in this place as a percentage of non-inter-level travel turns spent in this place.
 E = Turns spent auto-exploring this place as a percentage of non-inter-level travel turns spent in this place.
 F = Non-inter-level travel turns spent in this place divided by the number of levels of this place that you've seen.
                   A       B       C       D       E      F
               +-------+-------+-------+-------+-------+----------------------
         Total | 100.0 | 100.0 |   5.2 |  20.7 |  56.5 | 783.0
       Dungeon | 100.0 | 100.0 |   5.2 |  20.7 |  56.5 | 783.0
               +-------+-------+-------+-------+-------+----------------------

Table legend:
 A = Kills in this place as a percentage of kills in entire the game.
 B = Kills by you in this place as a percentage of kills by you in the entire game.
 C = Kills by friends in this place as a percentage of kills by friends in the entire game.
 D = Other kills in this place as a percentage of other kills in the entire game.
 E = Experience gained in this place as a percentage of experience gained in the entire game.
 F = Experience gained in this place divided by the number of levels of this place that you have seen.
                   A       B       C       D       E      F
               +-------+-------+-------+-------+-------+----------------------
         Total | 100.0 | 100.0 |   N/A |   N/A | 100.0 | 109.0
       Dungeon | 100.0 | 100.0 |   N/A |   N/A | 100.0 | 109.0
               +-------+-------+-------+-------+-------+----------------------
